 Dungeon Sprint DCSS version 0.18-a0-1577-gf591c28 (webtiles) character file.

8017 pipel the Severer (level 11, -6/94 HPs)
             Began as a Minotaur Gladiator on Mar 19, 2016.
             Was the Champion of Makhleb.
             Mangled by a death cob (14 damage)
             ... in the Dungeon (Sprint VII: "The Pits").
             The game lasted 00:09:58 (655 turns).

pipel the Severer (Minotaur Gladiator)               Turns: 655, Time: 00:09:58

Health: -6/94      AC: 23    Str: 24    XL:     11   Next: 4%
Magic:  18/18      EV: 13    Int:  5    God:    Makhleb [******]
Gold:   0          SH:  0    Dex: 13    Spells: 0 memorised, 10 levels left

rFire  + . .     SeeInvis .     a - +2 war axe (chop)
rCold  . . .     Gourm    .     A - +3 plate armour {rF+}
rNeg   . . .     Faith    .     (no shield)
rPois  .         Spirit   .     c - +0 hat
rElec  .         Dismiss  .     B - +0 cloak
rCorr  .         Reflect  .     (no gloves)
SustAt .         Harm     .     (no boots)
MR     .....     NoTele   +     (no amulet)
Stlth  ..........               y - +3 ring of protection
                                x - +3 ring of dexterity

@: slowed, very slow, not resistant to hostile enchantments, extremely
unstealthy
A: retaliatory headbutt, horns 2, frail 1
a: Minor Destruction, Lesser Servant of Makhleb, Major Destruction, Greater
Servant of Makhleb, Renounce Religion


You were in the Dungeon.
You worshipped Makhleb.
Makhleb was exalted by your worship.
You were not hungry.

You visited 1 branch

Inventory:

Hand Weapons
 a - a +2 war axe of chopping (weapon)
 k - a +6 blowgun
 z - a +0 war axe
Missiles
 d - 2 throwing nets (quivered)
 o - 10 stones
 C - 9 curare-tipped needles
Armour
 b - a +0 leather armour
 c - a +0 hat (worn)
 t - a +3 scale mail
 A - a +3 plate armour of fire resistance (worn)
 B - a +0 cloak (worn)
Magical Staves
 p - an uncursed staff of energy
Jewellery
 x - a +3 ring of dexterity (left hand)
 y - a +3 ring of protection (right hand)
Scrolls
 q - 3 scrolls of remove curse
 r - 5 scrolls of amnesia
 s - a scroll of summoning
Potions
 e - 3 potions of curing
 g - 5 potions of heal wounds
 i - 4 potions of magic
 m - 2 potions of berserk rage
 n - 2 potions of invisibility
 u - a potion of agility
 v - 2 potions of cure mutation
 w - a potion of brilliance
Comestibles
 f - 8 bread rations
 j - 40 fruits
 l - 7 meat rations


   Skills:
 + Level 12.6 Fighting
 + Level 16.5 Axes
 - Level 4.4 Throwing
 * Level 13.8 Armour
 + Level 12.9 Dodging
 + Level 2.6 Stealth
 * Level 10.7 Invocations


You had 10 spell levels left.
You didn't know any spells.

Dungeon Overview and Level Annotations

Branches:
Dungeon (1/1)

Altars:
Ashenzari
Cheibriados
Dithmenos
Elyvilon
Fedhas
Kikubaaqudgha
Makhleb
Nemelex Xobeh
Okawaru
Pakellas
Ru
Sif Muna
Trog
Vehumet
Xom
Yredelemnul
Zin
The Shining One
Beogh
Jiyva
Lugonu


Innate Abilities, Weirdness & Mutations

You reflexively headbutt those who attack you in melee.
You have a pair of horns on your head.
You are frail (-10% HP).


Message History

k - an enchanted blowgun;
C - 6 curare-tipped needles All of the chunks of flesh in your inventory have rotted away.
Your balrug disappears in a puff of smoke!
C - 8 curare-tipped needles (gained 2)
C - 9 curare-tipped needles (gained 1)
A death cob comes into view.
The death cob gives a chilling moan.
You feel yourself speed up.
The death cob hits you but does no damage.
The death cob barely misses you. The death cob hits you!!
The death cob drains your vigour!
You feel yourself slow down.
You take 20 damage, and have 39/94 hp.
MASSIVE DAMAGE!!
Unknown command.
A demon appears!
You feel somewhat more hungry. The death cob hits you!
* * * LOW HITPOINT WARNING * * *
The death cob hits you but does no damage.
The death cob hits you!
* * * LOW HITPOINT WARNING * * *
The death cob hits you!
You die...

##### ##########
....###...##..).##
##...#...##......#
.##.....####....####
..##...##..##..##..##
#..'...#............#
#†.#...#.†..#..#....##+#
'.)†.))).†......@z.....#
#))#...#....#..#....##+#
#))))..#........2...#
..##...##..##..##..##
.##.....####....####
##...#...# ......#
....###...##....## ####
##########


You could see a death cob and a friendly balrug.

Vanquished Creatures
  A mottled draconian (D)
  A centaur warrior (D)
  A deep elf mage (D)
  A black mamba (D)
  An orange demon (D)
  A rime drake (D)
  A demonic crawler (D)
  A freezing wraith (D)
  A polar bear (D)
  A bog body (D)
  A snapping turtle (D)
  A redback (D)
  2 spriggans (D)
  4 yaks (D)
  Grum (D)
  A hippogriff (D)
  2 steam dragons (D)
  A warg (D)
  A water moccasin (D)
  Duvessa (D)
  A necrophage (D)
  An ogre (D)
  3 wolves (D)
  A centaur (D)
  A crocodile (D)
  Dowan (D)
  A scorpion (D)
  A gnoll shaman (D)
  2 orc priests (D)
  An orc wizard (D)
  An iguana (D)
  3 worker ants (D)
  An adder (D)
  2 gnolls (D)
  A river rat (D)
  An ufetubus (D)
  An adder skeleton (D)
  A worm (D)
  A giant gecko (D)
  7 orcs (D)
  A goblin (D)
  A hobgoblin (D)
  A bat (D)
  2 giant newts (D)
  2 kobolds (D)
  A rat (D)
65 creatures vanquished.

Vanquished Creatures (collateral kills)
  Sonja (D)
  A shadow wraith (D)
  A hornet (D)
  A rime drake (D)
  A freezing wraith (D)
  A two-headed ogre (D)
  A black bear (D)
  2 gnolls (D)
9 creatures vanquished.

Vanquished Creatures (others)
  A quokka (D)
1 creature vanquished.

Grand Total: 75 creatures vanquished

Notes
Turn   | Place    | Note
--------------------------------------------------------------
     0 | D        | pipel the Minotaur Gladiator began the quest for the Orb.
     0 | D        | Reached XP level 1. HP: 18/18 MP: 0/0
    10 | D        | Noticed an orange demon
    23 | D        | Killed an orange demon
    23 | D        | Reached skill level 5 in Fighting
    23 | D        | Reached skill level 10 in Axes
    23 | D        | Reached XP level 2. HP: 25/29 MP: 1/1
    23 | D        | Reached XP level 3. HP: 31/36 MP: 2/2
    23 | D        | Reached XP level 4. HP: 36/42 MP: 3/3
    23 | D        | Reached XP level 5. HP: 41/48 MP: 4/4
    23 | D        | Reached XP level 6. HP: 47/56 MP: 5/5
    41 | D        | Found a sacrificial altar of Ru.
    41 | D        | Found a basalt altar of Yredelemnul.
    41 | D        | Found a shadowy altar of Dithmenos.
    41 | D        | Found a deep blue altar of Sif Muna.
    41 | D        | Found a burning altar of Makhleb.
    41 | D        | Found a shimmering altar of Xom.
    41 | D        | Found an ancient bone altar of Kikubaaqudgha.
    41 | D        | Found a sparkling altar of Nemelex Xobeh.
    42 | D        | Found a glowing golden altar of the Shining One.
    42 | D        | Found a bloodstained altar of Trog.
    42 | D        | Found a shattered altar of Ashenzari.
    42 | D        | Found a white marble altar of Elyvilon.
    42 | D        | Found a snail-covered altar of Cheibriados.
    42 | D        | Found a blossoming altar of Fedhas.
    42 | D        | Found a radiant altar of Vehumet.
    42 | D        | Found a glowing silver altar of Zin.
    42 | D        | Found a corrupted altar of Lugonu.
    42 | D        | Found a viscous altar of Jiyva.
    42 | D        | Found a roughly hewn altar of Beogh.
    42 | D        | Found an iron altar of Okawaru.
    43 | D        | Found an oddly glowing altar of Pakellas.
    45 | D        | Became a worshipper of Makhleb the Destroyer
    64 | D        | Reached * piety under Makhleb
    75 | D        | Reached ** piety under Makhleb
    79 | D        | Reached skill level 1 in Armour
    80 | D        | Reached *** piety under Makhleb
   137 | D        | Noticed a warg
   149 | D        | Reached skill level 10 in Dodging
   153 | D        | Killed a warg
   153 | D        | Reached skill level 11 in Axes
   158 | D        | Reached **** piety under Makhleb
   160 | D        | Reached XP level 7. HP: 52/64 MP: 6/6
   163 | D        | Reached ***** piety under Makhleb
   167 | D        | Reached skill level 1 in Invocations
   181 | D        | Noticed a demonic crawler
   197 | D        | Killed a demonic crawler
   197 | D        | Reached skill level 12 in Axes
   200 | D        | Noticed Duvessa
   200 | D        | Noticed Dowan
   210 | D        | Killed Duvessa
   210 | D        | Reached XP level 8. HP: 55/73 MP: 7/9
   220 | D        | Reached ****** piety under Makhleb
   233 | D        | Killed Dowan
   251 | D        | Reached skill level 13 in Axes
   372 | D        | Reached skill level 1 in Stealth
   372 | D        | Reached skill level 5 in Invocations
   382 | D        | Noticed a deep elf mage
   391 | D        | Killed a deep elf mage
   391 | D        | Reached XP level 9. HP: 79/83 MP: 10/12
   393 | D        | Noticed a polar bear
   402 | D        | Killed a polar bear
   407 | D        | Noticed a black mamba
   408 | D        | Noticed a centaur warrior
   411 | D        | Reached skill level 14 in Axes
   411 | D        | Reached skill level 10 in Armour
   415 | D        | Killed a centaur warrior
   415 | D        | Reached skill level 10 in Fighting
   419 | D        | Killed a black mamba
   422 | D        | Noticed a rime drake
   423 | D        | Noticed a mottled draconian
   423 | D        | Noticed Grum
   426 | D        | Killed a rime drake
   426 | D        | Reached XP level 10. HP: 71/94 MP: 14/14
   429 | D        | Reached skill level 15 in Axes
   452 | D        | Killed a mottled draconian
   457 | D        | Killed Grum
   509 | D        | Noticed a hornet
   514 | D        | Noticed a balrug
   533 | D        | Noticed a cacodemon
   535 | D        | Gained mutation: You are frail (-10% HP). [a cacodemon]
   541 | D        | Killed a hornet
   541 | D        | Reached skill level 16 in Axes
   594 | D        | Killed a shadow wraith
   594 | D        | Reached skill level 10 in Invocations
   627 | D        | Reached XP level 11. HP: 67/94 MP: 17/17
   632 | D        | Noticed Sonja
   635 | D        | Killed Sonja
   653 | D        | Noticed a death cob
   655 | D        | Mangled by a death cob

Vault maps used:
D:        pitsprint

Skill      XL: |  1  2  3  4  5  6  7  8  9 10 |
---------------+-------------------------------+-----
Fighting       | 5 6 7 9 10 12 | 12.6
Axes           | 10 11 12 13 14 16 | 16.5
Throwing       | 4 |  4.4
Dodging        | 9 10 11 12 | 12.9
Armour         | 3 6 9 11 13 | 13.8
Invocations    | 3 5 7 10 | 10.7
Stealth        | 1 2 |  2.6

Action                   |  1- 3 |  4- 6 |  7- 9 | 10-12 || total
-------------------------+-------+-------+-------+-------++-------
Melee: War axe           |     2 |    30 |    96 |    84 ||   212
Throw: Throwing net      |       |       |     2 |       ||     2
Invok: Greater Servant o |       |       |       |     6 ||     6
  Use: Potion            |     1 |       |     4 |     6 ||    11
       Scroll            |       |       |       |     1 ||     1
 Stab: Held in net/web   |       |       |     1 |       ||     1
       Distracted        |       |       |       |     1 ||     1
  Eat: Chunk             |       |       |       |     2 ||     2
